 Dungeon Crawl Stone Soup version 0.27-a0-409-gd57800a693 (console) character file.

Game seed: 17799006415760682222

4398 Garrluk the Fighter (level 10, -12/85 HPs)
             Began as a Formicid Fighter on Feb 23, 2021.
             Was a Priest of Uskayaw.
             Mangled by an orc warrior
             ... wielding a +0 halberd
              (16 damage)
             ... in a bailey.
             The game lasted 00:31:03 (5137 turns).

Garrluk the Fighter (Formicid Fighter)              Turns: 5137, Time: 00:31:03

Health: -12/85     AC: 15    Str: 21    XL:     10   Next: 61%
Magic:  13/16      EV:  6    Int: 11    God:    Uskayaw [***...]
Gold:   627        SH: 17    Dex: 10    Spells: 9/9 levels left

rFire    . . .     SeeInvis +   v - +0 war axe
rCold    . . .     Faith    .   c - +1 kite shield
rNeg     . . .     Spirit   .   d - +0 plate armour
rPois    .         Reflect  +   (helmet unavailable)
rElec    .         Harm     .   (no cloak)
rCorr    .         Rampage  .   (no gloves)
Will     +....                  y - +0 pair of boots
Stlth    ..........             I - amulet of reflection
HPRegen  0.24/turn              t - +4 ring of slaying
MPRegen  0.15/turn              b - +4 ring of slaying

@: attractive, studying Fighting
A: permanent stasis, dig shafts and tunnels, four strong arms, antennae 3
a: Dig, Renounce Religion, Stomp, Line Pass


You were in a bailey.
You worshipped Uskayaw.
Uskayaw was aware of your devotion.
You visited 1 branch of the dungeon, and saw 9 of its levels.
You also visited: Bailey.

You collected 627 gold pieces.

Notes
Turn   | Place    | Note
-------+----------+-------------------------------------------
     0 | D:1      | Garrluk the Formicid Fighter began the quest for the Orb.
     0 | D:1      | Reached XP level 1. HP: 18/18 MP: 1/1
   109 | D:1      | Reached XP level 2. HP: 9/24 MP: 2/2
   218 | D:1      | Reached XP level 3. HP: 17/30 MP: 3/3
   678 | D:2      | Reached XP level 4. HP: 25/37 MP: 4/4
   703 | D:2      | Reached skill level 4 in Fighting
   729 | D:2      | Noticed Sigmund
   734 | D:2      | Found a hide-covered altar of Uskayaw.
   748 | D:2      | Killed Sigmund
   749 | D:2      | Reached skill level 5 in Shields
   749 | D:2      | Reached XP level 5. HP: 32/43 MP: 5/5
   749 | D:2      | Reached XP level 6. HP: 37/49 MP: 6/6
   772 | D:2      | Became a worshipper of Uskayaw the Reveller
   874 | D:2      | Found a shimmering blue altar of Sif Muna.
   923 | D:3      | Reached * piety under Uskayaw
   935 | D:3      | Reached ** piety under Uskayaw
  1025 | D:3      | Reached skill level 5 in Armour
  1029 | D:3      | Reached *** piety under Uskayaw
  1033 | D:3      | Reached **** piety under Uskayaw
  1035 | D:3      | Reached skill level 5 in Fighting
  1110 | D:3      | Found a radiant altar of Vehumet.
  1168 | D:3      | Found a runed translucent gate.
  1168 | D:3      | Found a runed translucent gate.
  1207 | D:3      | Found a runed translucent gate.
  1220 | D:3      | Reached skill level 1 in Invocations
  1220 | D:3      | Reached XP level 7. HP: 40/56 MP: 7/7
  1254 | D:3      | Noticed Morbidden's ghost (amateur DsNe)
  1254 | D:3      | Noticed Sickboy's ghost (amateur MiBe)
  1406 | D:4      | Noticed Menkaure
  1411 | D:4      | HP: 1/56 [Menkaure (19)]
  1412 | D:4      | Killed Menkaure
  2235 | D:5      | Entered Level 5 of the Dungeon
  2260 | D:5      | Reached skill level 6 in Fighting
  2260 | D:5      | Reached XP level 8. HP: 58/64 MP: 10/10
  2310 | D:5      | Found a staircase to the Ecumenical Temple.
  2314 | D:5      | Found Ecovomeo's Book Emporium.
  2463 | D:5      | Found Duri's Desiderata Depot.
  2683 | D:6      | Reached XP level 9. HP: 56/71 MP: 12/12
  2703 | D:6      | Reached skill level 7 in Fighting
  2703 | D:6      | Reached skill level 5 in Invocations
  2816 | D:6      | Found Fielumut's Weapon Shoppe.
  3181 | D:7      | Got an ichor-stained trident
  3202 | D:7      | Identified the +6 trident of Hoceul {vorpal, *Corrode Str+7
                  | Int+4} (You found it on level 7 of the Dungeon)
  3636 | D:7      | Found a glowing silver altar of Zin.
  3637 | D:7      | Noticed an angel
  3795 | D:7      | Found a hazy altar of Hepliaklqana.
  3857 | D:8      | Reached skill level 8 in Fighting
  3875 | D:8      | Reached ***** piety under Uskayaw
  3885 | D:8      | Reached XP level 10. HP: 76/80 MP: 11/15
  4415 | D:8      | Identified a scroll of acquirement
  4415 | D:8      | Acquired a manual of Fighting
  4567 | D:8      | Reached skill level 9 in Fighting
  4704 | D:8      | Found a stormy altar of Qazlal.
  4705 | D:8      | Found a shadowy altar of Dithmenos.
  4854 | D:9      | Found a glowing golden altar of the Shining One.
  4923 | D:9      | HP: 3/83 [troll (6)]
  5052 | D:9      | Found a blossoming altar of Fedhas.
  5097 | D:9      | Found a flagged portal.
  5103 | Bailey   | Entered a bailey
  5133 | Bailey   | HP: 2/85 [orc warrior/+0 spear (15)]
  5136 | Bailey   | Reached skill level 10 in Fighting
  5137 | Bailey   | Mangled by an orc warrior

Inventory:

Hand Weapons
 a - a +0 long sword
 v - a +0 war axe (weapon)
   (You found it on level 3 of the Dungeon)
 F - the +6 trident of Hoceul {vorpal, *Corrode Str+7 Int+4}
   (You found it on level 7 of the Dungeon)

   It inflicts extra damage upon your enemies.
   It affects your strength (+7).
   It affects your intelligence (+4).
   It may corrode you when you take damage.
Missiles
 e - 20 stones
 A - 26 poisoned darts (quivered)
Armour
 c - a +1 kite shield (worn)
 d - a +0 plate armour (worn)
   (You took it off an orc warrior on level 8 of the Dungeon)
 y - a +0 pair of boots (worn)
   (You found it on level 5 of the Dungeon)
 J - a +0 chain mail
   (You found it on level 7 of the Dungeon)
Jewellery
 b - a +4 ring of slaying (right hand)
   (You found it on level 7 of the Dungeon)
 t - a +4 ring of slaying (left hand)
   (You found it on level 3 of the Dungeon)
 w - a ring of protection from cold
   (You found it on level 4 of the Dungeon)
 x - a +6 ring of dexterity
   (You found it on level 4 of the Dungeon)
 D - a ring of wizardry
   (You found it on level 6 of the Dungeon)
 I - an amulet of reflection (around neck)
   (You found it on level 7 of the Dungeon)
Wands
 B - a wand of mindburst (11)
   (You found it on level 6 of the Dungeon)
 H - a wand of iceblast (7)
   (You found it on level 7 of the Dungeon)
 K - a wand of acid (7)
   (You found it on level 8 of the Dungeon)
 L - a wand of charming (10)
   (You found it on level 8 of the Dungeon)
Scrolls
 f - 2 scrolls of enchant armour
 h - a scroll of amnesia
 j - a scroll of identify
 m - a scroll of fear
Potions
 i - 3 potions of brilliance
 n - 3 potions of curing
 o - a potion of heal wounds
 s - a potion of flight {unknown}
 u - a potion of cancellation {unknown}
 z - 2 potions of mutation {unknown}
 C - 2 potions of resistance {unknown}
 E - 2 potions of ambrosia

Table legend: (Time is in decaauts)
 A = Elapsed time spent in this place.
 B = Non-inter-level travel time spent in this place.
 C = Inter-level travel time spent in this place.
 D = Time resting spent in this place.
 E = Time spent auto-exploring this place.
 F = Levels seen in this place.
 G = Mean time per level.
                   A        B        C        D        E       F      G
               +--------+--------+--------+--------+--------+-----+--------+
         Total |   5516 |   5480 |     36 |   1164 |     51 |  10 |  551.6 |
       Dungeon |   5473 |   5437 |     36 |   1164 |     51 |   9 |  608.1 |
        Bailey |     42 |     42 |      0 |      0 |      0 |   1 |   42.0 |
               +--------+--------+--------+--------+--------+-----+--------+

Top non-repeatable levels by time:
     D:8: 990 daAuts
     D:4: 960 daAuts
     D:7: 734 daAuts
     D:5: 506 daAuts
     D:2: 498 daAuts
     D:6: 486 daAuts
     D:1: 485 daAuts
     D:3: 436 daAuts
     D:9: 375 daAuts
  Bailey: 42 daAuts


   Skills:
 + Level 10.0 Fighting
 - Level 2.0 Long Blades
 + Level 9.2 Armour
 - Level 9.0 Shields
 + Level 8.3 Invocations


You had 9 spell levels left.
You didn't know any spells.
Your spell library contained the following spells:

 Spells                   Type           Power        Failure   Level
 Apportation              Tloc           0%           99%         1
 Confusing Touch          Hex            0%           100%        3
 Gell's Gravitas          Tloc           0%           100%        3
 Lesser Beckoning         Tloc           0%           100%        3
 Tukima's Dance           Hex            0%           100%        3
 Petrify                  Tmut/Erth      0%           100%        4
 Alistair's Intoxication  Tmut/Pois      0%           100%        5
 Metabolic Englaciation   Hex/Ice        0%           100%        5
 Yara's Violent Unravell  Hex/Tmut       0%           100%        5
 Invisibility             Hex            0%           100%        6


Dungeon Overview and Level Annotations

Branches:
Dungeon (9/15)             Temple (0/1) D:5          Bailey (1/1)
   Lair: D:8-11         Orc: D:9-12

Altars:
Dithmenos
Fedhas
Hepliaklqana
Qazlal
Sif Muna
Uskayaw
Vehumet
Zin
The Shining One

Shops:
D:5 :   D:6 (

Annotations:
D:3 3 runed translucent doors, Morbidden's ghost, amateur DsNe; Sickboy's ghost, amateur MiBe


Innate Abilities, Weirdness & Mutations

You cannot be hasted, slowed, berserked, paralysed or teleported.
You can dig through walls and to a lower floor.
Your four strong arms can wield two-handed weapons with a shield.
You have a pair of large antennae on your head. (SInv)


Message History

You stomp with the beat, sending a shockwave through the revellers around you!
You kill the orc warrior! x3
You block the orc warrior's attack. The orc warrior is pulled toward you!
You closely miss the orc warrior. You block the orc warrior's attack.
The orc warrior hits you with a +0 spear.
* * * LOW HITPOINT WARNING * * *
You miss the orc warrior. You block the orc warrior's attack.
You closely miss the orc warrior.
The orc warrior hits you with a +0 spear.
* * * LOW HITPOINT WARNING * * *
You block the orc warrior's attack.
You completely miss the orc warrior. You block the orc warrior's attack.
You hit the orc warrior.
The orc warrior is lightly wounded.
You block the orc warrior's attack. x2
You hit the orc warrior.
The orc warrior is moderately wounded.
The orc warrior hits you but does no damage.
You barely miss the orc warrior.
The orc warrior is moderately wounded.
You block the orc warrior's attack.
The orc warrior hits you but does no damage.
You slash the orc warrior!
The orc warrior is severely wounded.
The orc warrior hits you with a +0 spear!
* * * LOW HITPOINT WARNING * * *
You hit the orc warrior.
The orc warrior is severely wounded.
The orc warrior barely misses you. You block the orc warrior's attack.
Uskayaw will force your foes to helplessly watch your dance.
Uskayaw prepares the audience for your solo!
The helpless orc warrior fails to defend itself.
You slice the orc warrior!!
You kill the orc warrior!
Your Fighting skill increases to level 10!
The orc warrior is pulled toward you! The orc is pulled toward you!
There is an empty arch of ancient stone, spattered with blood here.
Items here: )) [[.
The orc warrior hits you from afar with a +0 halberd!
You die...

### ##### ##∩##
####
.....##...##....
.≈≈≈..#...#..≈≈≈
≈≈.≈≈.......≈≈.≈
≈.{.≈.......≈.∩.
≈≈{≈≈oo)....≈≈.≈
#)).# #@).#
##∩## ###


You could see an orc warrior.

Table legend:
 A = Kills in this place as a percentage of kills in entire the game.
 B = Kills by you in this place as a percentage of kills by you in the entire game.
 C = Kills by friends in this place as a percentage of kills by friends in the entire game.
 D = Other kills in this place as a percentage of other kills in the entire game.
 E = Experience gained in this place as a percentage of experience gained in the entire game.
 F = Experience gained in this place divided by the number of levels of this place that you have seen.
                   A       B       C       D       E      F
               +-------+-------+-------+-------+-------+----------------------
         Total | 100.0 | 100.0 |   N/A |   N/A | 100.0 | 628.4
       Dungeon |  96.8 |  96.8 |   N/A |   N/A |  89.8 | 626.9
        Bailey |   3.2 |   3.2 |   N/A |   N/A |  10.2 | 642.0
               +-------+-------+-------+-------+-------+----------------------

Vanquished Creatures
  Monster Symbol All '5'
  2 quasits
  6 white imps
  An ufetubus (D:8)
9 creatures vanquished. All '@' Sigmund (D:2)
1 creature vanquished. All 'B' 6 worker ants 4 giant cockroaches
10 creatures vanquished. All 'F' 5 bullfrogs
5 creatures vanquished. All 'J' A jelly (D:6) 3 oozes
4 creatures vanquished. All 'K' 6 kobolds
6 creatures vanquished. All 'M' Menkaure (D:4)
1 creature vanquished. All 'O' 6 ogres
6 creatures vanquished. All 'S' 2 water moccasins A lava snake (D:8) 6 adders
9 creatures vanquished. All 'T' A troll (D:9)
1 creature vanquished. All 'W' A phantom (D:4)
1 creature vanquished. All 'Y' 3 sky beasts An ice beast (D:6)
4 creatures vanquished. All 'Z' A water moccasin skeleton (D:9) 2 centaur zombies A bullfrog skeleton (D:9) 2 centaur skeletons A hound zombie (D:6) An adder zombie (D:7) A leopard gecko skeleton (D:7) A quokka skeleton (D:4)
10 creatures vanquished. All 'b' 6 bats
6 creatures vanquished. All 'c' 3 centaurs
3 creatures vanquished. All 'g' 3 gnolls (D:5) 10 goblins 11 hobgoblins
24 creatures vanquished. All 'h' 5 hounds 11 jackals
16 creatures vanquished. All 'l' 2 iguanas 6 leopard geckos 4 frilled lizards
12 creatures vanquished. All 'o' 6 orc warriors 5 orc priests 7 orc wizards 23 orcs
41 creatures vanquished. All 'r' 3 quokkas 4 rats
7 creatures vanquished. All 's' 2 scorpions
2 creatures vanquished. All 'w' 4 dart slugs
4 creatures vanquished. All 'y' 6 killer bees (D:8)
6 creatures vanquished.
188 creatures vanquished. Monster Nature Uniques Sigmund (D:2) Menkaure (D:4)
2 creatures vanquished. Natural Monsters A troll (D:9) 2 water moccasins 6 orc warriors 3 sky beasts An ice beast (D:6) 6 ogres 3 centaurs 5 bullfrogs 2 scorpions 6 killer bees (D:8) A lava snake (D:8) 5 hounds A jelly (D:6) 5 orc priests 7 orc wizards 2 iguanas 6 worker ants 3 gnolls (D:5) 6 adders 3 oozes 4 dart slugs 6 leopard geckos 23 orcs 4 giant cockroaches 10 goblins 11 hobgoblins 11 jackals 3 quokkas 6 bats 4 frilled lizards 6 kobolds 4 rats
166 creatures vanquished. Undead Monsters A phantom (D:4) A water moccasin skeleton (D:9) 2 centaur zombies A bullfrog skeleton (D:9) 2 centaur skeletons A hound zombie (D:6) An adder zombie (D:7) A leopard gecko skeleton (D:7) A quokka skeleton (D:4)
11 creatures vanquished. Demonic Monsters 2 quasits 6 white imps An ufetubus (D:8)
9 creatures vanquished.
188 creatures vanquished. Ascending Order A troll (D:9) Sigmund (D:2) Menkaure (D:4) An ice beast (D:6) A phantom (D:4) A water moccasin skeleton (D:9) A lava snake (D:8) A jelly (D:6) A bullfrog skeleton (D:9) A hound zombie (D:6) An ufetubus (D:8) An adder zombie (D:7) A leopard gecko skeleton (D:7) A quokka skeleton (D:4) 2 water moccasins 2 scorpions 2 centaur zombies 2 quasits 2 centaur skeletons 2 iguanas 3 sky beasts 3 centaurs 3 gnolls (D:5) 3 oozes 3 quokkas 4 dart slugs 4 giant cockroaches 4 frilled lizards 4 rats 5 bullfrogs 5 hounds 5 orc priests 6 orc warriors 6 ogres 6 killer bees (D:8) 6 worker ants 6 adders 6 white imps 6 leopard geckos 6 kobolds 6 bats 7 orc wizards 10 goblins 11 jackals 11 hobgoblins 23 orcs
188 creatures vanquished.

Action                   |  1- 3 |  4- 6 |  7- 9 | 10-12 || total
-------------------------+-------+-------+-------+-------++-------
Melee: Long sword        |    87 |   109 |       |       ||   196
       War axe           |       |       |   284 |   135 ||   419
Throw: Dart              |       |       |     4 |     1 ||     5
Invok: Stomp             |       |     1 |     6 |     3 ||    10
 Abil: Dig               |    26 |    26 |    79 |    53 ||   184
  Use: Potion            |       |     1 |     1 |     2 ||     4
       Scroll            |       |       |     3 |    14 ||    17
 Stab: Paralysed         |       |     1 |     7 |     7 ||    15
Armor: Scale mail        |    27 |    44 |   101 |       ||   172
       Chain mail        |       |       |     9 |    23 ||    32
       Plate armour      |       |       |       |    30 ||    30
Dodge: Dodged            |    18 |    46 |   110 |    38 ||   212
Block: Kite shield       |    38 |    55 |   182 |   148 ||   423
       Reflection        |       |       |     1 |     6 ||     7
       Rpst.: Long sword |     4 |    14 |       |       ||    18
